[Event "FIDE World Rapid-ch Open 2018"]
[White "Yakubboev, Nodirbek"]
[Black "Pantsulaia, Levan"]
[Site "St. Petersburg"]
[Round "10.30"]
[Annotator "ChessBase"]
[Result "1-0"]
[Date "2018.12.27"]
[WhiteElo "2556"]
[BlackElo "2597"]
[PlyCount "75"]
[TimeControl "900+10"]

1. d4 Nf6 2. Bg5 c5 3. Bxf6 gxf6 4. d5 Qb6 5. Qc1 f5 6. c4 Bg7 7. Nc3 d6 8. e3 Nd7 9. Nf3 Nf6 10. Bd3 Ne4 11. Bxe4 fxe4 12. Nd2 f5 13. 0-0 0-0 14. f3 exf3 15. Rxf3 Bd7 16. Qc2 Rf7 17. Raf1 Raf8 18. b3 Qd8 19. Ne2 e5 20. dxe6 Bxe6 21. Nf4 Bd7 22. Rg3 Kh8 23. Nf3 Re7 24. Qd3 Bc6 25. Ng5 Rf6 26. Nh5 Be4 27. Qc3 Qf8 28. Nxe4 Rxe4 29. Rxg7 Re5 30. Nxf6 Qxg7 31. Nd5 b5 32. Qa5 Qd7 33. Qc3 Qg7 34. Qd3 bxc4 35. bxc4 Qg5 36. Qb3 Qd8 37. Qb7 a5 38. Qf7 1-0

[Event "FIDE World Rapid-ch Open 2018"]
[White "Bocharov, Ivan"]
[Black "Tang, Andrew"]
[Site "St. Petersburg"]
[Round "10.31"]
[Annotator "ChessBase"]
[Result "1/2-1/2"]
[Date "2018.12.27"]
[WhiteElo "2563"]
[BlackElo "2487"]
[PlyCount "144"]
[TimeControl "900+10"]

1. e4 e5 2. Bc4 Nf6 3. d3 Nc6 4. Nf3 Bc5 5. 0-0 a6 6. Bg5 h6 7. Bh4 g5 8. Bg3 d6 9. c3 Bg4 10. Nbd2 Nh5 11. b4 Bb6 12. Bd5 Qf6 13. a4 Rb8 14. a5 Ba7 15. b5 axb5 16. a6 Ne7 17. axb7 Nxd5 18. Rxa7 Nxc3 19. Qb3 Ne2+ 20. Kh1 Bd7 21. Re1 Nef4 22. d4 g4 23. dxe5 dxe5 24. Nh4 0-0 25. Nf5 Qb6 26. Rea1 Bxf5 27. exf5 Rxb7 28. R7a6 Qd4 29. Qc2 Nd3 30. Nb3 Qe4 31. Bxe5 Re8 32. Ra8 Qxe5 33. Rxe8+ Qxe8 34. Qxd3 Qe5 35. Qd2 Kg7 36. Re1 Qxf5 37. Nd4 Qf4 38. Qd3 Rb6 39. Nf5+ Kf6 40. Ne3 Re6 41. Qxb5 Kg6 42. Kg1 Qe4 43. g3 c6 44. Qb8 Kg7 45. Rd1 Nf6 46. Rd4 Qf3 47. Qb2 Rxe3 48. fxe3 Qxe3+ 49. Qf2 Qe5 50. Rd1 c5 51. Rc1 Ne4 52. Qe3 Qd5 53. Re1 Ng5 54. Kf2 Qf5+ 55. Kg2 Nf3 56. Qc3+ Nd4 57. Qe3 Qc2+ 58. Qf2 Nf3 59. Re2 Qd1 60. Re4 h5 61. Qxc5 Qd2+ 62. Qf2 Qd5 63. Qe3 Kg6 64. Kf2 Qa2+ 65. Qe2 Qxe2+ 66. Rxe2 Nxh2 67. Ke3 Nf3 68. Kf4 f6 69. Ra2 Ng5 70. Ra8 Ne6+ 71. Ke4 Nc5+ 72. Ke3 Ne6 1/2-1/2

[Event "FIDE World Rapid-ch Open 2018"]
[White "Yuffa, Daniil"]
[Black "Mamedov, Rauf"]
[Site "St. Petersburg"]
[Round "10.32"]
[Annotator "ChessBase"]
[Result "1/2-1/2"]
[Date "2018.12.27"]
[WhiteElo "2572"]
[BlackElo "2703"]
[PlyCount "108"]
[TimeControl "900+10"]

1. d4 d5 2. c4 e6 3. Nf3 c5 4. g3 Nc6 5. Bg2 Nf6 6. 0-0 Be7 7. cxd5 exd5 8. Nc3 0-0 9. Bg5 c4 10. Ne5 Be6 11. e3 h6 12. Bxf6 Bxf6 13. f4 Bxe5 14. dxe5 Qb6 15. f5 Qxe3+ 16. Kh1 Bc8 17. Nxd5 Qxe5 18. Qd2 Rd8 19. Rae1 Qd4 20. Qxd4 Nxd4 21. Ne7+ Kf8 22. Re4 Nb5 23. a4 Nd6 24. Re5 Bd7 25. a5 Re8 26. Rfe1 Rad8 27. g4 b5 28. axb6 axb6 29. Nd5 Rxe5 30. Rxe5 b5 31. Nb6 Be8 32. h4 Rb8 33. Nd5 b4 34. Re1 h5 35. gxh5 Nxf5 36. Rc1 Nd6 37. Ne3 Bb5 38. Rd1 Ne8 39. Kg1 Nf6 40. Rd4 Rc8 41. Bf1 c3 42. Bxb5 cxb2 43. Bd3 Rc3 44. Rxb4 Rxd3 45. Rb8+ Ke7 46. Nf5+ Ke6 47. Nxg7+ Ke5 48. Rxb2 Rg3+ 49. Rg2 Kf4 50. h6 Rxg2+ 51. Kxg2 Kg4 52. Ne8 Nh7 53. Nd6 Kxh4 54. Nxf7 Kh5 1/2-1/2

[Event "FIDE World Rapid-ch Open 2018"]
[White "Bosiocic, Marin"]
[Black "Tomashevsky, Evgeny"]
[Site "St. Petersburg"]
[Round "10.33"]
[Annotator "ChessBase"]
[Result "1/2-1/2"]
[Date "2018.12.27"]
[WhiteElo "2599"]
[BlackElo "2705"]
[PlyCount "145"]
[TimeControl "900+10"]

1. e4 e5 2. Nf3 Nc6 3. Bc4 Bc5 4. c3 Nf6 5. d4 exd4 6. e5 d5 7. Bb5 Ne4 8. cxd4 Bb6 9. Nc3 0-0 10. Be3 Bg4 11. h3 Bh5 12. Qc2 Bg6 13. Qb3 Ne7 14. 0-0 c6 15. Bd3 Nxc3 16. Qxc3 Qd7 17. Nh4 Be4 18. f3 Bxd3 19. Qxd3 f5 20. f4 Qe6 21. Kh2 Ng6 22. Nf3 Bd8 23. Rg1 Be7 24. Rac1 a5 25. a4 Rf7 26. Rc2 h5 27. g3 Nf8 28. Kh1 Qh6 29. Rh2 Ne6 30. Qd2 Qh7 31. Qg2 Kf8 32. Bc1 Ke8 33. Qc2 Kd7 34. Bd2 g6 35. Rc1 Qg8 36. Qb3 Qb8 37. h4 Qa7 38. Bc3 Rff8 39. Qd1 Qa6 40. b3 Rfb8 41. Rhc2 Ba3 42. Ra1 Be7 43. Kg2 Ke8 44. Bb2 Qb6 45. Qd3 Ra6 46. Ba3 Bxa3 47. Rxa3 Ke7 48. Ra1 Qb4 49. Rd1 Rb6 50. Rc3 Qa3 51. Ne1 Kf7 52. Qb1 Qb4 53. Rcd3 Qe7 54. Nc2 Ra8 55. Rc3 Ke8 56. Kh3 Kd8 57. Qc1 Ke8 58. Ne1 Rb4 59. Nc2 Rb6 60. Kg2 Kd8 61. Kf3 Ke8 62. Ke3 Kd8 63. Qa3 Qxa3 64. Nxa3 Kd7 65. Nc2 Rba6 66. Ne1 Kc7 67. Rdc1 Kd7 68. Nd3 Rb6 69. Rd1 Kc7 70. Rb1 Kd7 71. Rc2 Kd8 72. Rcb2 Kc8 73. Rc2 1/2-1/2

[Event "FIDE World Rapid-ch Open 2018"]
[White "Hovhannisyan, Robert"]
[Black "Melkumyan, Hrant"]
[Site "St. Petersburg"]
[Round "10.34"]
[Annotator "ChessBase"]
[Result "1-0"]
[Date "2018.12.27"]
[WhiteElo "2637"]
[BlackElo "2670"]
[PlyCount "63"]
[TimeControl "900+10"]

1. e4 c5 2. Nf3 Nc6 3. Nc3 g6 4. d4 cxd4 5. Nxd4 Bg7 6. Be3 Nf6 7. Be2 d6 8. Qd2 Bd7 9. 0-0-0 Rc8 10. Kb1 0-0 11. f3 Ne5 12. g4 b5 13. h4 Bxg4 14. fxg4 b4 15. Na4 Qa5 16. b3 Nxe4 17. Qe1 Nc5 18. h5 Nxa4 19. bxa4 Rc3 20. Bc1 Qxa4 21. Bb2 Rfc8 22. Bb5 Qa5 23. hxg6 Nxg6 24. Bd7 R8c4 25. Be6 Rxd4 26. Bxf7+ Kxf7 27. Rxd4 Bxd4 28. Rxh7+ Kg8 29. Rh5 Qa4 30. Qe4 Nf8 31. Qxd4 Qxc2+ 32. Ka1 1-0

[Event "FIDE World Rapid-ch Open 2018"]
[White "Levin, Evgeny A."]
[Black "Savchenko, Boris"]
[Site "St. Petersburg"]
[Round "10.35"]
[Annotator "ChessBase"]
[Result "1/2-1/2"]
[Date "2018.12.27"]
[WhiteElo "2516"]
[BlackElo "2562"]
[PlyCount "116"]
[TimeControl "900+10"]

1. d4 Nf6 2. c4 g6 3. Nc3 d5 4. cxd5 Nxd5 5. e4 Nxc3 6. bxc3 Bg7 7. Nf3 c5 8. Be3 Qa5 9. Nd2 cxd4 10. Nc4 Qd8 11. cxd4 0-0 12. Rb1 f5 13. Ne5 f4 14. Bc4+ Kh8 15. Bc1 Bxe5 16. dxe5 Qc7 17. Bb3 f3 18. gxf3 Qc3+ 19. Bd2 Qxf3 20. Qxf3 Rxf3 21. Rg1 Nc6 22. Rg3 Nd4 23. Rxf3 Nxf3+ 24. Ke2 Bg4 25. Bc3 Rc8 26. Kd3 Kg7 27. e6+ Kg8 28. Bd5 b6 29. a4 Nxh2 30. a5 Be2+ 31. Kxe2 Rxc3 32. axb6 axb6 33. Rxb6 Nf3 34. Rb8+ Kg7 35. Re8 Nd4+ 36. Kd2 Rc7 37. Rd8 g5 38. Rd7 Nb5 39. Bb3 Kf6 40. Rd5 Rb7 41. e5+ Kf5 42. Rd7 Rc7 43. Rd5 Nc3 44. Rd7 Nb5 45. Rd5 Nc3 46. Rd7 Ne4+ 47. Ke2 Rc3 48. Bd5 h5 49. Rxe7 Kxe5 50. Bxe4 Kxe4 51. Rg7 g4 52. e7 Rc2+ 53. Kf1 Rc8 54. Kg2 Ke5 55. Rf7 Re8 56. Kg3 Ke6 57. Rh7 Kf6 58. Rxh5 Rxe7 1/2-1/2

[Event "FIDE World Rapid-ch Open 2018"]
[White "Ponkratov, Pavel"]
[Black "Piorun, Kacper"]
[Site "St. Petersburg"]
[Round "10.36"]
[Annotator "ChessBase"]
[Result "1-0"]
[Date "2018.12.27"]
[WhiteElo "2630"]
[BlackElo "2634"]
[PlyCount "47"]
[TimeControl "900+10"]

1. e4 c6 2. d4 d5 3. e5 c5 4. dxc5 e6 5. Be3 Qc7 6. Nc3 Bd7 7. Nb5 Bxb5 8. Bxb5+ Nc6 9. b4 a5 10. a3 Qxe5 11. Nf3 Qc7 12. Ba4 axb4 13. axb4 Qc8 14. 0-0 Nf6 15. Bxc6+ bxc6 16. Rxa8 Qxa8 17. Qa1 Qc8 18. Qa4 Nd7 19. Nd4 Be7 20. Qxc6 0-0 21. Ra1 e5 22. Nf5 Bf6 23. Qxc8 Rxc8 24. Nd6 1-0

[Event "FIDE World Rapid-ch Open 2018"]
[White "Esipenko, Andrey"]
[Black "Paravyan, David"]
[Site "St. Petersburg"]
[Round "10.37"]
[Annotator "ChessBase"]
[Result "0-1"]
[Date "2018.12.27"]
[WhiteElo "2593"]
[BlackElo "2634"]
[PlyCount "110"]
[TimeControl "900+10"]

1. d4 Nf6 2. Bf4 c5 3. d5 d6 4. Nc3 e5 5. dxe6 Bxe6 6. e4 Be7 7. Nf3 0-0 8. Ng5 Nc6 9. Nxe6 fxe6 10. Bc4 Nd4 11. Be3 d5 12. Bd3 Nc6 13. exd5 exd5 14. Bg5 c4 15. Be2 Kh8 16. 0-0 d4 17. Bxf6 Bxf6 18. Ne4 d3 19. cxd3 Bxb2 20. dxc4 Bxa1 21. Qxa1 Qd4 22. Qb1 Rae8 23. Ng5 Qh4 24. Nf3 Qh5 25. Qxb7 Qc5 26. Qb2 Ne5 27. Qc2 Ng6 28. Bd3 Nf4 29. Be4 Qh5 30. h3 Re6 31. c5 Rh6 32. Nh2 Qg5 33. Kh1 Ne6 34. c6 Nd4 35. Qc4 Qe5 36. Ng4 Rxh3+ 37. gxh3 Qxe4+ 38. f3 Rxf3 39. Rxf3 Qxf3+ 40. Kh2 Qf4+ 41. Kg2 Qe4+ 42. Kf2 Qf3+ 43. Ke1 Nxc6 44. Nf2 h6 45. Qa4 Qd5 46. Kf1 a5 47. Qg4 Ne7 48. Qe4 Qxe4 49. Nxe4 Kh7 50. Nd6 Kg6 51. Kf2 Kg5 52. Kf3 Kh4 53. Kg2 Nd5 54. Nf5+ Kg5 55. Nxg7 Nc7 0-1

[Event "FIDE World Rapid-ch Open 2018"]
[White "Yudin, Sergei"]
[Black "Postny, Evgeny"]
[Site "St. Petersburg"]
[Round "10.38"]
[Annotator "ChessBase"]
[Result "1/2-1/2"]
[Date "2018.12.27"]
[WhiteElo "2507"]
[BlackElo "2615"]
[PlyCount "82"]
[TimeControl "900+10"]

1. e4 e5 2. Nf3 Nc6 3. Bc4 Nf6 4. d3 Bc5 5. 0-0 d6 6. c3 a5 7. h3 h6 8. Re1 0-0 9. Nbd2 Ba7 10. Nf1 Ne7 11. Ng3 Ng6 12. Bb3 c6 13. d4 Re8 14. Be3 Bb6 15. Qd2 a4 16. Bc2 a3 17. b4 Be6 18. Nf5 Bxf5 19. exf5 exd4 20. Bxd4 Ne5 21. Bxb6 Qxb6 22. Nxe5 dxe5 23. Rad1 Rad8 24. Qc1 Rxd1 25. Bxd1 e4 26. Bb3 Qb5 27. g4 Qa6 28. Qd2 Qb6 29. Kg2 Qc7 30. Qc1 Rd8 31. Rd1 Rxd1 32. Qxd1 e3 33. fxe3 Ne4 34. Kf3 Ng5+ 35. Kg2 Ne4 36. Kf3 Qe5 37. Qd3 Ng5+ 38. Kg2 Ne4 39. Kf3 Ng5+ 40. Kg2 Ne4 41. Kf3 Ng5+ {[%emt 0:0:7] Ke4} 1/2-1/2

[Event "FIDE World Rapid-ch Open 2018"]
[White "Mchedlishvili, Mikheil"]
[Black "Jumabayev, Rinat"]
[Site "St. Petersburg"]
[Round "10.39"]
[Annotator "ChessBase"]
[Result "1-0"]
[Date "2018.12.27"]
[WhiteElo "2610"]
[BlackElo "2602"]
[PlyCount "77"]
[TimeControl "900+10"]

1. d4 d5 2. c4 dxc4 3. Nf3 Nf6 4. Nc3 e6 5. e4 b5 6. e5 Nd5 7. Nxb5 Nb6 8. Be2 Nc6 9. 0-0 Be7 10. Qd2 Bb7 11. Qf4 Qd7 12. Rd1 h6 13. b3 cxb3 14. axb3 Nb4 15. Qg3 g6 16. Bd2 N6d5 17. Ne1 a5 18. Nc3 Nb6 19. Be3 N4d5 20. Nxd5 Bxd5 21. Bd2 a4 22. bxa4 Rxa4 23. Rxa4 Qxa4 24. Qc3 Qc6 25. Qb2 Kf8 26. Rc1 Qb7 27. Bb4 Bxb4 28. Qxb4+ Kg7 29. Qe7 Rc8 30. h4 Be4 31. Qf6+ Kg8 32. Qf4 h5 33. Bf3 Bd5 34. Qg5 Nd7 35. Bxh5 Qb4 36. Nc2 Qc3 37. Be2 c5 38. h5 cxd4 39. hxg6 1-0

[Event "FIDE World Rapid-ch Open 2018"]
[White "Antipov, Mikhail Al."]
[Black "Yilmaz, Mustafa"]
[Site "St. Petersburg"]
[Round "10.40"]
[Annotator "ChessBase"]
[Result "1-0"]
[Date "2018.12.27"]
[WhiteElo "2589"]
[BlackElo "2636"]
[PlyCount "75"]
[TimeControl "900+10"]

1. e4 c5 2. Nf3 d6 3. Bb5+ Nd7 4. Ba4 Ngf6 5. 0-0 a6 6. c4 e6 7. Nc3 Be7 8. d4 cxd4 9. Qxd4 0-0 10. h3 b6 11. Bg5 Bb7 12. Rad1 h6 13. Bh4 Nc5 14. Bc2 Rc8 15. Bg3 e5 16. Qe3 Qc7 17. Nh4 Nh5 18. Nf5 Rfd8 19. Qf3 Nxg3 20. Qxg3 Bf6 21. Nxh6+ Kf8 22. Ng4 Ne6 23. Ne3 Nf4 24. Qf3 Qc5 25. Bb3 Ne6 26. Ned5 Nd4 27. Qh5 g6 28. Qh7 Bg7 29. Na4 Qa5 30. Naxb6 Rb8 31. f4 exf4 32. Nxf4 Ne2+ 33. Nxe2 Qxb6+ 34. Kh1 Rd7 35. Nf4 Bxe4 36. Ne6+ Ke7 37. Qxg7 Qe3 38. Qxf7# 1-0

[Event "FIDE World Rapid-ch Open 2018"]
[White "Kazhgaleyev, Murtas"]
[Black "Vallejo Pons, Francisco"]
[Site "St. Petersburg"]
[Round "10.41"]
[Annotator "ChessBase"]
[Result "1/2-1/2"]
[Date "2018.12.27"]
[WhiteElo "2587"]
[BlackElo "2695"]
[PlyCount "28"]
[TimeControl "900+10"]

1. d4 d5 2. c4 dxc4 3. Nf3 Nf6 4. e3 e6 5. Bxc4 c5 6. 0-0 cxd4 7. exd4 Be7 8. Nc3 0-0 9. Bg5 Nc6 10. a3 b6 11. Qd3 Bb7 12. Rad1 h6 13. Bxf6 Bxf6 14. d5 Na5 1/2-1/2

[Event "FIDE World Rapid-ch Open 2018"]
[White "Inarkiev, Ernesto"]
[Black "Ghaem Maghami, Ehsan"]
[Site "St. Petersburg"]
[Round "10.42"]
[Annotator "ChessBase"]
[Result "1-0"]
[Date "2018.12.27"]
[WhiteElo "2693"]
[BlackElo "2537"]
[PlyCount "91"]
[TimeControl "900+10"]

1. c4 Nf6 2. Nc3 e6 3. e4 d5 4. cxd5 exd5 5. e5 Ne4 6. d4 Bb4 7. Qa4+ Nc6 8. Bb5 Bd7 9. Nge2 a6 10. Bxc6 Bxc3+ 11. bxc3 Bxc6 12. Qc2 Bb5 13. f3 Ng5 14. Ng3 Ne6 15. h4 c5 16. Nf5 0-0 17. Bg5 Qd7 18. a4 Bc4 19. Rh3 cxd4 20. cxd4 f6 21. exf6 gxf6 22. Bh6 Rfe8 23. Kf2 Ng5 24. hxg5 Re2+ 25. Qxe2 Bxe2 26. Ne3 Bd3 27. Ng4 Qc6 28. Re1 Bf5 29. Rg3 Bxg4 30. gxf6 Kf7 31. Rxg4 Re8 32. Rc1 Qxa4 33. Rc7+ Kxf6 34. Kg3 Qb4 35. Rxh7 a5 36. Bf4 Qe1+ 37. Kh2 a4 38. Bg3 Qd2 39. Bh4+ Kf5 40. Rf7+ Ke6 41. Rxb7 Kd6 42. Rg6+ Re6 43. Rb6+ Kd7 44. Rbxe6 Qf4+ 45. g3 Qd2+ 46. Kh3 1-0

[Event "FIDE World Rapid-ch Open 2018"]
[White "Sakaev, Konstantin"]
[Black "Abdusattorov, Nodirbek"]
[Site "St. Petersburg"]
[Round "10.43"]
[Annotator "ChessBase"]
[Result "1-0"]
[Date "2018.12.27"]
[WhiteElo "2584"]
[BlackElo "2546"]
[PlyCount "163"]
[TimeControl "900+10"]

1. d4 Nf6 2. c4 e6 3. Nf3 b6 4. a3 Ba6 5. Qc2 Bb7 6. Nc3 c5 7. e4 cxd4 8. Nxd4 Bc5 9. Nb3 Nc6 10. f3 0-0 11. Nxc5 bxc5 12. Be3 Nd4 13. Qd1 e5 14. b4 d6 15. Bd3 Nh5 16. 0-0 Nf4 17. Bxf4 exf4 18. Rb1 Bc6 19. b5 Bb7 20. Ne2 Qf6 21. Qd2 Nxe2+ 22. Bxe2 Rfe8 23. a4 Re6 24. a5 Rb8 25. Rfd1 h5 26. Rb3 h4 27. Rd3 Rd8 28. a6 Ba8 29. h3 Qg5 30. Bf1 Qf6 31. Qa5 Qe7 32. Rb3 Rb8 33. b6 axb6 34. Rxb6 Re8 35. Qd2 Qg5 36. Rxd6 Kh7 37. a7 Qe5 38. Rd8 R6e7 39. Rxe8 Rxe8 40. Qd7 Re7 41. Qd8 Rxa7 42. Qxh4+ Kg6 43. Qg4+ Kh7 44. Kh2 Bc6 45. Qh4+ Kg6 46. Qg4+ Kh7 47. Rd8 Ra8 48. Qh4+ Kg6 49. Qg4+ Kh7 50. Rxa8 Bxa8 51. Qc8 Qa1 52. Bd3 Qd4 53. Qf5+ Kg8 54. Qc8+ Kh7 55. Qxa8 Qxd3 56. Qd5 Qe3 57. Qxf7 Kh6 58. h4 Qc1 59. h5 Kh7 60. Qg6+ Kh8 61. Qe8+ Kh7 62. Qg6+ Kh8 63. h6 gxh6 64. Qxh6+ Kg8 65. Qg5+ Kf7 66. Qxc5 Ke6 67. Qd5+ Ke7 68. c5 Qc3 69. Qg5+ Ke8 70. Qh5+ Ke7 71. Qg5+ Ke8 72. Kh3 Qh8+ 73. Kg4 Qb2 74. Qg6+ Kd8 75. Qg8+ Ke7 76. Kh3 Qc1 77. Qg5+ Ke8 78. Qe5+ Kf7 79. Kg4 Qg1 80. Qxf4+ Kg8 81. Qg5+ Kf7 82. g3 1-0

[Event "FIDE World Rapid-ch Open 2018"]
[White "Sarana, Alexey"]
[Black "Vokhidov, Shamsiddin"]
[Site "St. Petersburg"]
[Round "10.44"]
[Annotator "ChessBase"]
[Result "1-0"]
[Date "2018.12.27"]
[WhiteElo "2618"]
[BlackElo "2480"]
[PlyCount "167"]
[TimeControl "900+10"]

1. d4 d5 2. Nf3 c6 3. c4 e6 4. Nbd2 Nf6 5. g3 b6 6. Bg2 Bb7 7. 0-0 Nbd7 8. Qc2 c5 9. cxd5 exd5 10. dxc5 bxc5 11. e4 Be7 12. e5 Ne4 13. Nxe4 dxe4 14. Nd2 Nxe5 15. Bxe4 Qd7 16. Re1 Ng6 17. Bxb7 Qxb7 18. h4 Nf8 19. Nc4 Ne6 20. Qa4+ Qd7 21. Qxd7+ Kxd7 22. Ne5+ Ke8 23. Be3 Rc8 24. Rad1 f6 25. Nc4 Rc7 26. Rd3 Kf7 27. Ra3 Rd8 28. Ra6 Nd4 29. Kg2 Nc2 30. Re2 Nb4 31. Ra4 Rd1 32. Bd2 Rd7 33. Bc3 Nd5 34. Ne3 Nxc3 35. bxc3 R1d3 36. c4 Bd6 37. Ra5 g6 38. Ra6 Be5 39. Nd5 Rb7 40. Rc6 Bd4 41. Rc8 Ra3 42. g4 f5 43. g5 Ra4 44. Rc2 Ke6 45. Re2+ Kd6 46. Rd8+ Rd7 47. Rxd7+ Kxd7 48. Re7+ Kd6 49. Rxh7 Rxa2 50. Rh6 Rxf2+ 51. Kg3 Rc2 52. Rxg6+ Ke5 53. Ne7 Ke4 54. Nc6 Bf2+ 55. Kh3 Rc3+ 56. Kg2 Bxh4 57. Re6+ Kf4 58. g6 Rc2+ 59. Kf1 Rc1+ 60. Kg2 Rc2+ 61. Kf1 Rc1+ 62. Kg2 Rc2+ 63. Kf1 Rc3 64. g7 Rc1+ 65. Ke2 Re1+ 66. Kd3 Rxe6 67. g8=Q Rxc6 68. Qd5 Rb6 69. Qxc5 Bf6 70. Qe3+ Kg4 71. Qe2+ Kg3 72. Qe1+ Kg4 73. c5 Rb3+ 74. Kc4 Rf3 75. c6 Rf4+ 76. Kd5 Rd4+ 77. Ke6 Re4+ 78. Qxe4+ fxe4 79. Kxf6 e3 80. c7 e2 81. c8=Q+ Kf3 82. Qf5+ Ke3 83. Qe5+ Kd2 84. Qd4+ 1-0

[Event "FIDE World Rapid-ch Open 2018"]
[White "Van Foreest, Jorden"]
[Black "Khismatullin, Denis"]
[Site "St. Petersburg"]
[Round "10.45"]
[Annotator "ChessBase"]
[Result "1-0"]
[Date "2018.12.27"]
[WhiteElo "2614"]
[BlackElo "2621"]
[PlyCount "105"]
[TimeControl "900+10"]

1. e4 d6 2. d4 Nf6 3. Nc3 e5 4. Nf3 Nbd7 5. Bc4 Be7 6. a4 0-0 7. 0-0 c6 8. h3 exd4 9. Qxd4 Nc5 10. Re1 Be6 11. Bf4 d5 12. exd5 cxd5 13. Ba2 Nce4 14. Nxe4 dxe4 15. Qxd8 Raxd8 16. Bxe6 fxe6 17. Ng5 Nd5 18. Nxe6 Nxf4 19. Nxd8 Rxd8 20. Rxe4 Ng6 21. Rae1 Kf7 22. g3 Rd5 23. Kg2 Bf6 24. Rb4 b6 25. Re2 Ne7 26. Rb5 Rxb5 27. axb5 Nf5 28. c4 Nd4 29. Re3 Nc2 30. Re4 Nb4 31. Re2 Nd3 32. b3 Nc1 33. Re3 Bd4 34. Rf3+ Ke6 35. Kf1 Ke5 36. b4 Ke4 37. Ra3 Nd3 38. Rxa7 Nxb4 39. Ke2 Bf6 40. Rd7 Ke5 41. Ke3 Nc2+ 42. Kd3 Nb4+ 43. Ke3 Nc2+ 44. Kd2 Nb4 45. c5 bxc5 46. b6 Ke6 47. b7 Na6 48. Rc7 Nb8 49. Rxc5 Kd7 50. Kd3 Na6 51. Rc8 Be5 52. Ke4 Bc7 53. Rg8 1-0

[Event "FIDE World Rapid-ch Open 2018"]
[White "Aronian, Levon"]
[Black "Gabrielian, Artur"]
[Site "St. Petersburg"]
[Round "10.46"]
[Annotator "ChessBase"]
[Result "1-0"]
[Date "2018.12.27"]
[WhiteElo "2765"]
[BlackElo "2499"]
[PlyCount "109"]
[TimeControl "900+10"]

1. d4 Nf6 2. Bf4 g6 3. Nc3 d5 4. Nb5 Na6 5. e3 c6 6. Nc3 Nc7 7. h3 Bg7 8. Nf3 0-0 9. Be2 Bf5 10. 0-0 Ne4 11. Nxe4 Bxe4 12. Nd2 Bf5 13. Bh2 a5 14. c4 Be6 15. Qb3 Qc8 16. Rac1 Rd8 17. Rfd1 Ne8 18. Qa3 Nd6 19. cxd5 Bxd5 20. Bg4 Be6 21. Bf3 Qd7 22. Qa4 h5 23. Rc5 Qe8 24. a3 Bf5 25. Rdc1 Nb5 26. Nc4 Be6 27. Ne5 Ra6 28. Be2 Rd5 29. Nd3 Ra8 30. Rxd5 Bxd5 31. Nf4 Nd6 32. Nxd5 cxd5 33. Qb3 Rc8 34. Rc5 Ne4 35. Rc2 a4 36. Qb5 Qd8 37. Qxa4 Rxc2 38. Qxc2 Qa5 39. Qc1 Bh6 40. Bd3 h4 41. Kf1 Kg7 42. Ke2 e6 43. Qc2 Nf6 44. Qc5 Qa4 45. Be5 Qb3 46. Qc2 Qa2 47. f4 g5 48. Kf3 b6 49. g4 hxg3 50. Kxg3 b5 51. Kf3 b4 52. fxg5 Bxg5 53. Qg2 Kh6 54. h4 Ne4 55. hxg5+ 1-0

[Event "FIDE World Rapid-ch Open 2018"]
[White "Dreev, Aleksey"]
[Black "Popov, Valerij"]
[Site "St. Petersburg"]
[Round "10.47"]
[Annotator "ChessBase"]
[Result "1-0"]
[Date "2018.12.27"]
[WhiteElo "2670"]
[BlackElo "2532"]
[PlyCount "69"]
[TimeControl "900+10"]

1. d4 d5 2. c4 e6 3. Nf3 Nd7 4. Nc3 Ngf6 5. Qc2 dxc4 6. e4 c5 7. dxc5 Bxc5 8. Bxc4 a6 9. a4 Qc7 10. 0-0 Ng4 11. Be2 b6 12. Bg5 Bb7 13. Rac1 h6 14. Bh4 Bd6 15. h3 Nh2 16. Nb5 Nxf3+ 17. Bxf3 Bh2+ 18. Kh1 Qxc2 19. Rxc2 axb5 20. Kxh2 bxa4 21. Rc7 Nc5 22. Rc1 0-0 23. Be7 Rfc8 24. R1xc5 bxc5 25. Rxb7 Rcb8 26. Rc7 Rxb2 27. e5 Rab8 28. Bd6 Rxf2 29. Rxc5 Rd8 30. Ra5 Ra2 31. Ra7 g5 32. Bh5 Rf2 33. Rxa4 f6 34. Kg3 Rc2 35. exf6 1-0

[Event "FIDE World Rapid-ch Open 2018"]
[White "Najer, Evgeniy"]
[Black "Potapov, Pavel"]
[Site "St. Petersburg"]
[Round "10.48"]
[Annotator "ChessBase"]
[Result "1/2-1/2"]
[Date "2018.12.27"]
[WhiteElo "2670"]
[BlackElo "2516"]
[PlyCount "86"]
[TimeControl "900+10"]

1. e4 c5 2. Nf3 Nc6 3. Bb5 g6 4. 0-0 Bg7 5. c3 Nf6 6. Qa4 0-0 7. d4 cxd4 8. cxd4 Nxe4 9. d5 Nc5 10. Qa3 Qb6 11. Nc3 Nd4 12. Nxd4 Bxd4 13. Bh6 d6 14. Bxf8 Kxf8 15. Rad1 Be5 16. b4 Nd7 17. Be2 Bg7 18. Na4 Qd8 19. Bg4 b6 20. Nc3 Bb7 21. Rc1 h5 22. Be2 a6 23. Rfd1 Kg8 24. Ne4 b5 25. Qb3 Nb6 26. Bf3 Nc4 27. Be2 Nb6 28. h4 e6 29. Qg3 Bxd5 30. Nxd6 Qe7 31. Bf3 Rd8 32. Bxd5 Nxd5 33. Ne4 Qxb4 34. Qf3 Qe7 35. g3 b4 36. Rc6 a5 37. Ra6 Qc7 38. Ng5 Rf8 39. Kg2 Bh6 40. Ne4 Bg7 41. Ng5 Bh6 42. Ne4 Bg7 43. Ng5 Bh6 1/2-1/2

[Event "FIDE World Rapid-ch Open 2018"]
[White "Demchenko, Anton"]
[Black "Kevlishvili, Robby"]
[Site "St. Petersburg"]
[Round "10.49"]
[Annotator "ChessBase"]
[Result "1/2-1/2"]
[Date "2018.12.27"]
[WhiteElo "2679"]
[BlackElo "2451"]
[PlyCount "155"]
[TimeControl "900+10"]

1. e4 c5 2. Nf3 d6 3. d4 cxd4 4. Qxd4 a6 5. Be2 Nc6 6. Qe3 Bg4 7. 0-0 Nf6 8. Rd1 Nd7 9. c4 e6 10. Nc3 Be7 11. b3 0-0 12. Bb2 Qa5 13. a3 Bxf3 14. Bxf3 Rac8 15. Be2 Qb6 16. Qxb6 Nxb6 17. Rab1 Na5 18. Bc1 Nd7 19. Bd2 Nc6 20. Be3 Rfd8 21. f4 Bf6 22. Na2 Nc5 23. e5 Be7 24. exd6 Rxd6 25. Rxd6 Bxd6 26. b4 Ne4 27. Bf3 Nf6 28. Rd1 Bf8 29. Nc1 Ne8 30. c5 Nf6 31. Nb3 Rd8 32. Rxd8 Nxd8 33. Bd4 Nd5 34. f5 Nc6 35. Bb2 Be7 36. Kf2 Kf8 37. Bg4 Bf6 38. Bxf6 Nxf6 39. Bf3 Ke7 40. fxe6 fxe6 41. Nd2 Nd5 42. Nc4 Kd7 43. Be4 g6 44. h4 Nd4 45. g4 Nb5 46. g5 Nbc3 47. Bd3 Nf4 48. Bc2 Ncd5 49. Kf3 Nh5 50. Nd6 b6 51. Ne4 a5 52. b5 bxc5 53. Nxc5+ Kd6 54. Ne4+ Ke5 55. Bb3 Nb6 56. Nd2 a4 57. Nc4+ Kd4 58. Nxb6 axb3 59. Na4 Kd5 60. b6 Kc6 61. b7 Kxb7 62. Nc5+ Kc6 63. Nxb3 Ng7 64. Ke4 Nf5 65. Nd4+ Kd6 66. Nf3 e5 67. Nd2 Nxh4 68. Nc4+ Kc5 69. Nxe5 Nf5 70. Ng4 Nd6+ 71. Kf4 Kb5 72. Nh6 Ka4 73. Ke5 Nc4+ 74. Kf6 Nd2 75. Kg7 Ne4 76. Kxh7 Nxg5+ 77. Kxg6 Kxa3 78. Kxg5 1/2-1/2

[Event "FIDE World Rapid-ch Open 2018"]
[White "Adly, Ahmed"]
[Black "Zhigalko, Andrey"]
[Site "St. Petersburg"]
[Round "10.50"]
[Annotator "ChessBase"]
[Result "1-0"]
[Date "2018.12.27"]
[WhiteElo "2626"]
[BlackElo "2545"]
[PlyCount "153"]
[TimeControl "900+10"]

1. d4 Nf6 2. Nf3 d5 3. g3 c5 4. Bg2 cxd4 5. 0-0 h6 6. Nxd4 e5 7. Nf3 Nc6 8. b3 Bc5 9. Bb2 Qe7 10. c4 d4 11. Ne1 e4 12. f3 d3+ 13. Kh1 dxe2 14. Qxe2 Nd4 15. Qd1 e3 16. Nc3 Bf5 17. b4 0-0-0 18. bxc5 e2 19. Nxe2 Nxe2 20. Qa4 Qxc5 21. Ba3 Qd4 22. Nc2 Qd7 23. Qb3 Qd3 24. Ne3 Qxb3 25. axb3 Be6 26. Be7 Rd3 27. Rxa7 Rxe3 28. Bxf6 Kb8 29. Rfa1 gxf6 30. Ra8+ Kc7 31. Rxh8 Rxb3 32. Rxh6 f5 33. c5 Rc3 34. Rh4 Rxc5 35. Re1 Nc3 36. Rh7 Kd6 37. Rh4 b5 38. Bf1 Nd5 39. Rb1 Nc3 40. Rb2 Bd5 41. Rf4 Nd1 42. Rb1 Nc3 43. Ra1 Ke5 44. Re1+ Kf6 45. Kg1 Be6 46. Rb4 Bc4 47. Bxc4 bxc4 48. Rb6+ Kg7 49. Rd6 Nb5 50. Rd7 c3 51. Rc1 f4 52. gxf4 Rc4 53. Kf2 Nd4 54. Ke3 Nb3 55. Rc2 Na1 56. Kd3 Rxf4 57. Rg2+ Kf6 58. Kxc3 Rxf3+ 59. Rd3 Rxd3+ 60. Kxd3 Nb3 61. Kc4 Na5+ 62. Kd5 Nb7 63. Rg8 Ke7 64. h4 Nd6 65. h5 Nf5 66. Ke5 Nh6 67. Rh8 f6+ 68. Kf4 Nf7 69. Ra8 Nh6 70. Rh8 Nf7 71. Rg8 Ke6 72. Rg7 Nh6 73. Rg6 Nf7 74. h6 Ng5 75. Rg7 Nf7 76. h7 Nh8 77. Rg8 1-0

[Event "FIDE World Rapid-ch Open 2018"]
[White "Oganian, Miran"]
[Black "Amin, Bassem"]
[Site "St. Petersburg"]
[Round "10.51"]
[Annotator "ChessBase"]
[Result "0-1"]
[Date "2018.12.27"]
[WhiteElo "2423"]
[BlackElo "2710"]
[PlyCount "120"]
[TimeControl "900+10"]

1. d4 Nf6 2. c4 g6 3. Nc3 Bg7 4. e4 d6 5. Nf3 0-0 6. Be2 e5 7. Be3 Ng4 8. Bg5 f6 9. Bh4 Nc6 10. d5 Ne7 11. Nd2 h5 12. h3 Nh6 13. g4 hxg4 14. hxg4 c5 15. g5 fxg5 16. Bxg5 Nf7 17. Be3 Bf6 18. Rg1 Kg7 19. Nf1 Rh8 20. Qd2 a6 21. Ng3 Kf8 22. 0-0-0 b5 23. Rdf1 Bh3 24. Re1 bxc4 25. Bxc4 Rb8 26. Rh1 Rh4 27. Rh2 Ng8 28. Bxa6 Bd7 29. Rxh4 Bxh4 30. Rg1 Nf6 31. f3 Nh7 32. Nf1 Bg5 33. Be2 Qf6 34. Bxg5 Nhxg5 35. Qe3 Kg7 36. Rh1 Nh3 37. Nd2 Nf4 38. Bf1 Ng5 39. Ne2 Nf7 40. Nc4 Bb5 41. Nxf4 exf4 42. Qc3 Qxc3+ 43. bxc3 Bxc4 44. Bxc4 Ne5 45. Be2 g5 46. Kc2 Ra8 47. Kb3 c4+ 48. Kb2 Kg6 49. Rh3 Rb8+ 50. Kc2 Rf8 51. Rh1 Ra8 52. Kb2 g4 53. fxg4 f3 54. Bf1 Kg5 55. Rh5+ Kf4 56. Rh6 Nd3+ 57. Ka1 Ra3 58. Rxd6 Rxc3 59. Bxd3 cxd3 60. Kb2 d2 0-1